 Dungeon Crawl Stone Soup version 0.30.0-30-g96aa6591b8 (webtiles) character file.

Game seed: 4649461033112222986

85445 McKennaii the Devastator (level 14, -31/93 HPs)
             Began as a Demigod Conjurer on June 29, 2023.
             Hit by a large rock thrown by a cyclops (45 damage)
             ... on level 15 of the Dungeon.
             The game lasted 00:39:27 (34587 turns).

McKennaii the Devastator (Demigod Conjurer)        Turns: 34587, Time: 00:39:28

Health: -31/93     AC:  9    Str:  8    XL:     14   Next: 99%
Magic:  25/38      EV: 12    Int: 42    God:
Gold:   1483       SH:  0    Dex: 12    Spells: 22/44 levels left

rFire   + . .        W - staff of fire
rCold   + . .        (no shield)
rNeg    . . .        X - +2 robe {rC+}
rPois   +            q - +2 helmet
rElec   .            (no cloak)
rCorr   .            N - +0 pair of gloves
SInv    .            x - +0 pair of boots
Will    +....        (no amulet)
Stlth   ++           n - +6 ring of intelligence
HPRegen 0.35/turn    r - ring of poison resistance
MPRegen 0.26/turn

%: no passive effects
@: no status effects
A: high MP 1, forlorn, divine attributes
a: no special abilities


You were on level 15 of the Dungeon.
You visited 3 branches of the dungeon, and saw 22 of its levels.

You collected 2099 gold pieces.
You spent 616 gold pieces at shops.

Inventory:

Hand Weapons
 U - the +9 flail of the Bedazzled God {freeze, Stlth+}
   (You found it on level 2 of the Lair of Beasts)

   Stlth:     It makes you more stealthy.
Missiles
 K - 3 throwing nets
Armour
 q - a +2 helmet (worn)
 x - a +0 pair of boots (worn)
 N - a +0 pair of gloves (worn)
 X - a +2 robe of cold resistance (worn)
Magical Staves
 W - a staff of fire (weapon)
Jewellery
 a - a +6 ring of dexterity
 n - a +6 ring of intelligence (left hand)
 r - a ring of poison resistance (right hand)
 B - a ring of positive energy
 F - a ring of see invisible
 I - a ring of ice
 J - a ring of protection from fire
 S - a +6 ring of strength
Wands
 c - a wand of digging (3)
 G - a wand of iceblast (14)
 M - a wand of charming (17)
 P - a wand of light (4)
 R - a wand of mindburst (24)
 V - a wand of flame (8)
Scrolls
 d - a scroll of brand weapon
 g - 5 scrolls of amnesia
 h - a scroll of fear
 i - a scroll of silence
 l - 3 scrolls of enchant weapon
 m - 6 scrolls of enchant armour
 o - a scroll of butterflies
 s - 6 scrolls of vulnerability
 t - 5 scrolls of teleportation
 w - 4 scrolls of blinking
 y - a scroll of torment
 A - 5 scrolls of fog
 H - 2 scrolls of poison
 T - 4 scrolls of magic mapping
Potions
 b - 5 potions of magic
 e - 5 potions of brilliance
 f - 4 potions of resistance
 j - 5 potions of attraction
 k - 2 potions of invisibility
 p - 2 potions of berserk rage
 u - 4 potions of ambrosia
 v - 4 potions of flight
 z - 4 potions of mutation
 C - 2 potions of cancellation
 D - 9 potions of might
 E - 6 potions of heal wounds {unknown}
 L - 7 potions of lignification {unknown}
 O - 9 potions of curing
 Q - 3 potions of haste {unknown}


   Skills:
 - Level 1.7 Dodging
 - Level 1.7 Stealth
 + Level 15.5 Spellcasting
 + Level 17.1 Conjurations
 * Level 6.6 Fire Magic
 * Level 6.7 Air Magic


You had 22 spell levels left.
You knew the following spells:

 Your Spells              Type           Power      Damage    Failure   Level
a - Magic Dart            Conj           100%       1d8       0%          1
b - Searing Ray           Conj           100%       2d8       0%          2
c - Iskenderun's Mystic   Conj/Tloc      81%        2d16      1%          4
d - Fireball              Conj/Fire      57%        3d22      1%          5
e - Plasma Beam           Fire/Air       46%        2x1d66    9%          6
w - Airstrike             Air            36%        2d(6-22)  1%          4

Your spell library contained the following spells:

 Spells                   Type           Power      Damage    Failure   Level
 Foxfire                  Conj/Fire      100%       2x1d9     0%          1
 Shock                    Conj/Air       100%       1d9       0%          1
 Static Discharge         Conj/Air       100%       2-7/arc   0%          2
 Apportation              Tloc           64%        N/A       1%          1
 Sandblast                Erth           64%        2d14      1%          1
 Call Imp                 Summ           64%        N/A       1%          2
 Ensorcelled Hibernation  Hex/Ice        64%        N/A       1%          2
 Passwall                 Tmut/Erth      26%        N/A       1%          2
 Dazzling Flash           Conj/Hex       100%       N/A       1%          3
 Inner Flame              Hex/Fire       74%        N/A       1%          3
 Mephitic Cloud           Conj/Pois/Air  79%        N/A       1%          3
 Swiftness                Air            73%        N/A       1%          3
 Volatile Blastmotes      Fire/Tloc      100%       2d18      1%          3
 Fulminant Prism          Conj/Hex       40%        3d19      1%          4
 Starburst                Conj/Fire      57%        6d15      1%          6
 Frozen Ramparts          Ice            64%        1d10      2%          3
 Portal Projectile        Hex/Tloc       64%        N/A       2%          3
 Spider Form              Tmut/Pois      32%        N/A       2%          3
 Tukima's Dance           Hex            32%        N/A       2%          3
 Summon Lightning Spire   Summ/Air       57%        N/A       2%          4
 Silence                  Hex/Air        28%        N/A       6%          5
 Anguish                  Hex/Necr       16%        N/A       9%          4
 Ice Form                 Ice/Tmut       32%        N/A       9%          4
 Summon Ice Beast         Ice/Summ       32%        N/A       9%          4
 Alistair's Intoxication  Tmut/Pois      21%        N/A       24%         5
 Blade Hands              Tmut           16%        N/A       24%         5
 Lee's Rapid Deconstruct  Erth           16%        3d10*     24%         5
 Yara's Violent Unravell  Hex/Tmut       16%        3d8       24%         5


Dungeon Overview and Level Annotations

Branches:
Dungeon (15/15)            Temple (0/1) D:4            Lair (5/5) D:8
  Swamp (0/4) Lair:2        Snake (0/4) Lair:3        Slime (0/5) Lair:4
    Orc (2/2) D:11            Elf (0/3) Orc:2        Vaults (0/5) D:13
 Depths (0/4) D:15

Shops:
D:7 *   D:8 :   Orc:2 ::=

Portals:
Trove: D:13 (give +4 demon trident)


Innate Abilities, Weirdness & Mutations

You have an increased reservoir of magic. (+10% MP)
You shall have no god before yourself.
Your divine heritage dramatically boosts your attributes as you level up.


Message History

Casting: Fireball (mildly dangerous; 1% risk of failure)
Confirm with . or Enter, or press ? or * to list all spells.
Aiming: Fireball (mildly dangerous; 1% risk of failure)
Press: ? - help, Shift-Dir - straight line You feel a surge of power!
The fireball explodes!
The fireball engulfs the centaur!!!
You kill the centaur!
The fireball engulfs the centaur!!!
You kill the centaur!
The fireball engulfs the centaur!!!
You kill the centaur!
You hear a horrible gurgling sound! x2
Unknown command.
Unknown command.
Casting: Fireball (mildly dangerous; 1% risk of failure)
Confirm with . or Enter, or press ? or * to list all spells.
Aiming: Fireball (mildly dangerous; 1% risk of failure)
Press: ? - help, Shift-Dir - straight line You feel a surge of power!
The fireball explodes!
The fireball engulfs the boulder beetle.
The boulder beetle is lightly wounded.
You hear a horrible gurgling sound! x2
Unknown command.
Casting: Fireball (mildly dangerous; 1% risk of failure)
Confirm with . or Enter, or press ? or * to list all spells.
Aiming: Fireball (mildly dangerous; 1% risk of failure)
Press: ? - help, Shift-Dir - straight line
Okay, then.
Casting: Fireball (mildly dangerous; 1% risk of failure)
Confirm with . or Enter, or press ? or * to list all spells.
You erupt in a blast of force!
The mystic blast hits the boulder beetle.
The boulder beetle is lightly wounded.
The boulder beetle is knocked back by the mystic blast.
You hear a horrible gurgling sound!
You hear a shout!
Unknown command.
The stone giant throws a large rock.
The large rock hits you!!!
* * * LOW HITPOINT WARNING * * *
The cyclops throws a large rock.
The large rock hits you!!!
You die...

...........#≈≈§
..........§§§≈§
..........§≈§..
..........#§≈.>
..........≈≈≈C§
..........§≈≈§§
...........#≈§§
.......@....≈≈#
...............
.......B.......
.####..○.†.....
#[).[......
#..)....C..
#..........
#..........


You could see a stone giant, a boulder beetle (rolling) and a cyclops.

Vanquished Creatures
  Snorg (Lair:3)
  A fire dragon (D:14)
  Fannar (D:11)
  8 vault guards (D:13)
  3 hydras
  2 catoblepae
  3 two-headed ogres
  4 centaur warriors
  Erica (D:9)
  A death yak (Lair:4)
  A tengu warrior (D:14)
  3 orc high priests (Orc:2)
  Amaemon (Lair:1)
  A fire crab (Lair:4)
  3 skysharks
  Pikel (D:9)
  2 bog bodies (Lair:2)
  A wizard (D:14)
  7 orc knights
  2 deep elf pyromancers (D:14)
  16 ugly things
  3 orc sorcerers (Orc:2)
  3 cyclopes
  3 manticores
  5 black mambas
  An orange demon (Lair:1)
  2 torpor snails (Lair:4)
  Maurice (D:9)
  25 cane toads
  2 unseen horrors (D:10)
  A gargoyle (D:14)
  An efreet (D:14)
  A rime drake (Lair:1)
  3 tengu conjurers
  A kobold demonologist (D:10)
  14 komodo dragons
  A polar bear (Lair:4)
  2 tyrant leeches (Lair:5)
  8 trolls
  5 hornets
  11 dream sheep
  Grinder (D:5)
  30 blink frogs
  8 slime creatures
  4 vampires
  48 yaks
  3 basilisks
  A wraith (D:11)
  4 wyverns
  Grum (D:8)
  16 vampire mosquitoes
  A steam dragon (D:8)
  Menkaure (D:4)
  2 wargs
  An acid dragon (D:12)
  2 nagas (Lair:3)
  10 water moccasins
  19 orc warriors
  2 ice beasts (D:8)
  5 black bears
  An ice beast (shapeshifter) (D:13)
  4 ogres
  14 centaurs
  13 wolves
  A lemure (D:9)
  4 phantoms
  5 kobold brigands
  14 bullfrogs
  2 gnoll sergeants
  2 scorpions
  15 wights
  9 killer bees
  4 electric eels
  3 hounds
  A jelly (D:5)
  12 orc priests
  Jessica (D:2)
  2 gnoll boudas
  6 iguanas
  21 orc wizards
  Robin (D:3)
  10 gnolls
  7 adders
  3 white imps
  An ufetubus (D:6)
  2 worms
  2 dart slugs (D:3)
  75 orcs
  2 bats
  9 endoplasms
  4 giant cockroaches
  15 goblins
  9 hobgoblins
  2 quokkas
  5 ball pythons
  3 frilled lizards
  18 kobolds
  4 rats
621 creatures vanquished.

Vanquished Creatures (others)
  An orc warrior (Orc:2)
  2 orc wizards
  An orc (D:8)
4 creatures vanquished.

Grand Total: 625 creatures vanquished

Notes
Turn   | Place    | Note
-------+----------+-------------------------------------------
     0 | D:1      | McKennaii the Demigod Conjurer began the quest for the Orb.
     0 | D:1      | Reached XP level 1. HP: 14/14 MP: 5/5
   312 | D:1      | Reached XP level 2. HP: 10/20 MP: 4/7
   650 | D:1      | Reached skill level 4 in Conjurations
  1575 | D:2      | Learned a level 2 spell: Searing Ray
  1716 | D:2      | Reached XP level 3. HP: 25/26 MP: 3/9
  2136 | D:2      | Noticed Jessica
  2140 | D:2      | Killed Jessica
  2365 | D:3      | Reached XP level 4. HP: 33/33 MP: 8/11
  2370 | D:3      | Learned a level 4 spell: Iskenderun's Mystic Blast
  2519 | D:3      | Noticed Robin
  2523 | D:3      | Killed Robin
  3267 | D:4      | Reached skill level 5 in Conjurations
  3267 | D:4      | Reached XP level 5. HP: 29/38 MP: 2/13
  3633 | D:4      | Found a staircase to the Ecumenical Temple.
  3704 | D:4      | Noticed Menkaure
  3710 | D:4      | Killed Menkaure
  3711 | D:4      | Reached XP level 6. HP: 45/45 MP: 6/15
  4424 | D:5      | Entered Level 5 of the Dungeon
  4432 | D:5      | Reached skill level 6 in Conjurations
  4492 | D:5      | Noticed Grinder
  4496 | D:5      | Paralysed by Grinder for 5 turns
  4506 | D:5      | Killed Grinder
  4507 | D:5      | Reached skill level 5 in Spellcasting
  4507 | D:5      | Reached XP level 7. HP: 28/50 MP: 5/18
  4850 | D:5      | Reached skill level 7 in Conjurations
  5514 | D:6      | Reached XP level 8. HP: 57/57 MP: 13/20
  6655 | D:7      | Reached skill level 8 in Conjurations
  7265 | D:7      | Found Dazuzis's Island Escapes.
  7670 | D:7      | Reached XP level 9. HP: 62/62 MP: 11/24
  7886 | D:7      | Reached skill level 9 in Conjurations
  8877 | D:8      | Reached skill level 10 in Conjurations
  9035 | D:8      | Found Imijoogg's Book Emporium.
  9104 | D:8      | Noticed Grum
  9117 | D:8      | Killed Grum
  9466 | D:8      | Noticed a komodo dragon
  9504 | D:8      | Killed a komodo dragon
  9505 | D:8      | Reached XP level 10. HP: 69/69 MP: 12/27
  9922 | D:8      | Found a staircase to the Lair.
 10361 | D:9      | Noticed Pikel
 10369 | D:9      | Killed Pikel
 10370 | D:9      | Reached skill level 11 in Conjurations
 10439 | D:9      | Noticed Erica
 10534 | D:9      | Killed Erica
 10535 | D:9      | Reached skill level 10 in Spellcasting
 11215 | D:9      | Noticed Maurice
 11722 | D:9      | Killed Maurice
 11830 | D:10     | Entered Level 10 of the Dungeon
 11846 | D:10     | Noticed a two-headed ogre
 11855 | D:10     | Killed a two-headed ogre
 12077 | D:10     | Noticed a two-headed ogre
 12085 | D:10     | Killed a two-headed ogre
 12187 | D:10     | Reached skill level 12 in Conjurations
 12355 | D:10     | Reached XP level 11. HP: 66/74 MP: 21/30
 13594 | D:11     | Found a staircase to the Orcish Mines.
 13811 | D:11     | Noticed Fannar
 13990 | Lair:1   | Entered Level 1 of the Lair of Beasts
 14216 | Lair:1   | Noticed Amaemon
 14377 | Lair:1   | Killed Amaemon
 14378 | Lair:1   | Reached skill level 13 in Conjurations
 16462 | Lair:2   | Noticed a bog body
 16466 | Lair:2   | Noticed a bog body
 16475 | Lair:2   | Killed a bog body
 16480 | Lair:2   | Killed a bog body
 16481 | Lair:2   | Reached XP level 12. HP: 64/81 MP: 3/33
 16570 | Lair:2   | Found a staircase to the Swamp.
 16570 | Lair:2   | You fall into a shaft and drop 1 floor!
 16942 | Lair:3   | Noticed Snorg
 17069 | Lair:3   | Reached skill level 14 in Conjurations
 17459 | Lair:3   | Found a staircase to the Snake Pit.
 17482 | Lair:3   | Killed Snorg
 17790 | Lair:2   | Identified the +9 flail of the Bedazzled God {freeze,
                  | Stlth+}
 19538 | Lair:4   | Found a staircase to the Slime Pits.
 19566 | Lair:4   | Identified the +3 longbow "Ytapuwar" {heavy, rF+ Str-5
                  | Int+2}
 19577 | Lair:4   | Noticed a catoblepas
 20284 | Lair:4   | Noticed a six-headed hydra
 20409 | Lair:3   | Killed a six-headed hydra
 20410 | Lair:3   | Reached skill level 15 in Conjurations
 21290 | Lair:4   | Killed a catoblepas
 21291 | Lair:4   | Reached XP level 13. HP: 84/86 MP: 21/35
 22359 | Lair:5   | Entered Level 5 of the Lair of Beasts
 23669 | Lair:5   | Reached skill level 16 in Conjurations
 25696 | Lair:5   | Got the Opusculum on Bewitchment and the Syncline
 25791 | Lair:5   | Reached skill level 15 in Spellcasting
 26878 | D:8      | Bought a book of Fire for 616 gold pieces
 26884 | D:8      | Learned a level 5 spell: Fireball
 26891 | D:8      | Learned a level 6 spell: Plasma Beam
 26896 | D:8      | Learned a level 4 spell: Airstrike
 27114 | D:11     | Killed Fannar
 27533 | D:12     | Reached skill level 1 in Air Magic
 27534 | D:12     | Reached skill level 1 in Fire Magic
 28135 | D:12     | Identified the +3 mace "Luplaob" {drain, Contam rF+ rN++
                  | Stlth+}
 28492 | D:13     | Reached XP level 14. HP: 93/93 MP: 23/38
 28756 | D:13     | Found a gate to the Vaults.
 29610 | D:13     | Found a portal to a secret trove of treasure.
 30236 | Orc:1    | Entered Level 1 of the Orcish Mines
 30856 | Orc:2    | Entered Level 2 of the Orcish Mines
 31527 | Orc:2    | Reached skill level 5 in Air Magic
 31529 | Orc:2    | Reached skill level 5 in Fire Magic
 31853 | Orc:2    | Found a staircase to the Elven Halls.
 32359 | Orc:2    | Found Lyrutz's Book Shoppe.
 32359 | Orc:2    | Found Icvad's Book Boutique.
 32361 | Orc:2    | Found Puxzam's Jewellery Shoppe.
 32361 | Orc:2    | Found Nahamy's Distillery.
 33076 | D:14     | Reached skill level 17 in Conjurations
 34407 | D:15     | Entered Level 15 of the Dungeon
 34407 | D:15     | Found a staircase to the Depths.
 34587 | D:15     | Hit by a large rock thrown by a cyclops

Illustrated notes

Levels and vault maps discovered:
D:1:      dpeg_arrival_tiny_a, layout_loops_ring,
          dreamdust_ecumenical_altar_grove,
          wander_ebering_terrifying_dragon_lair
D:2:      layout_basic, basic_altar, uniq_jessica
D:3:      layout_loops_cross, mainiacjoe_overflow_paths, uniq_robin
D:4:      layout_loops_ring, mainiacjoe_overflow_brackets,
          mainiacjoe_overflow_surrounded_room, mainiacjoe_overflow_tiny_flanked,
          nzn_hepliaklqana_mist_gate, minmay_temple_entry_wispy,
          kennysheep_generic_room_13, uniq_menkaure
D:5:      layout_rooms, lightli_temple_of_fire, uniq_grinder
D:6:      layout_loops_ring, mainiacjoe_overflow_24_doors
D:7:      layout_basic, mainiacjoe_overflow_boulevard, nicolae_island_escapes
D:8:      layout_cave_pods, xom_teletrap_fun, david_lair_shrubbed, serial_shops,
          nicolae_book_shop_shelving, minmay_fractal_squares_diagonal_5,
          uniq_grum
D:9:      layout_loops_ring, uniq_maurice, uniq_erica, uniq_pikel
D:10:     layout_roguey, corexii_leaking_fountain
D:11:     layout_loops_ring, orc_0_dummy, uniq_fannar
D:12:     layout_cave_pools, minmay_misc_feat_tower, serial_bayou_pond_c,
          small_statue_intersection
D:13:     layout_gridville, erik_vaults_2, nicolae_trove_entry_crossroad
D:14:     layout_cave_pools, good_gods_mini_temple, nicolae_water_bricks
D:15:     grunt_enter_depths_giant_problem, layout_long_grid,
          nicolae_dithmenos_the_darkroom, serial_shops,
          nicolae_shop_rolling_square, nicolae_shop_tiny_real_fake_doors, shop,
          nicolae_square_shop, shop
Lair:1:   layout_small_grid, chequers_serial_rivers_small_a, minmay_hedge_maze,
          eino_small_chamber_without_monster, chequers_serial_rivers_micro_c,
          eino_small_chamber_without_monster, lemuel_fruit_fields,
          serial_bayou_shore_b, uniq_amaemon
Lair:2:   layout_cave_pods, skrybe_swamp_entry_bodies
Lair:3:   layout_gridlike, guppyfry_snake_entry_garden, serial_bayou_shore_a,
          uniq_snorg
Lair:4:   nzn_winding_woodlands_medium [nzn_winding_woodlands_5x5_checkerboard,
          nzn_winding_woodlands_5x15_sawtooth,
          nzn_winding_woodlands_5x5_closed_star,
          nzn_winding_woodlands_5x5_three,
          nzn_winding_woodlands_center_triple_pond,
          nzn_winding_woodlands_hourglass, nzn_winding_woodlands_5x5_cross,
          nzn_winding_woodlands_5x15_lazy_stream,
          nzn_winding_woodlands_5x5_perimeter], layout_small_grid,
          slime_entry_1, hangedman_lair_generics_rect
Lair:5:   minmay_lair_end_frog_pond, layout_regular_city
Orc:1:    layout_diamond_mine, mines2_david
Orc:2:    grunt_orc_tribal_feast, layout_caves

Skill      XL: |  1  2  3  4  5  6  7  8  9 10 11 12 13 14 |
---------------+-------------------------------------------+-----
Spellcasting   | 2 3 4 5 6 7 9 10 12 13 15 | 15.5
Conjurations   | 4 5 6 7 8 10 12 13 15 16 17 | 17.1
Air Magic      | 2 6 |  6.7
Fire Magic     | 2 6 |  6.6
Dodging        | |  1.7
Stealth        | |  1.7

Action                     |  1- 3 |  4- 6 |  7- 9 | 10-12 | 13-15 || total
---------------------------+-------+-------+-------+-------+-------++-------
  Melee: Unarmed           |     9 |     4 |       |       |       ||    13
         Punch             |     1 |       |       |       |       ||     1
         Scimitar          |       |       |     3 |    14 |       ||    17
         Flail             |       |       |       |    17 |     6 ||    23
         Staff             |       |       |       |       |     1 ||     1
   Cast: Magic Dart        |    73 |    85 |   142 |   399 |   277 ||   976
         Searing Ray       |       |    12 |    59 |    86 |    18 ||   175
         Iskenderun's Myst |       |       |    18 |   169 |   178 ||   365
         Fireball          |       |       |       |       |   199 ||   199
         Airstrike         |       |       |       |       |     5 ||     5
         Plasma Beam       |       |       |       |       |     1 ||     1
  Evoke: Wand              |       |       |     1 |     2 |     5 ||     8
    Use: Scroll            |       |       |    10 |     8 |    10 ||    28
         Potion            |       |       |     1 |       |       ||     1
 Armour: Robe              |     3 |     4 |    34 |    67 |    39 ||   147
  Dodge: Dodged            |     7 |    16 |    64 |   130 |    97 ||   314
